Map: Blackburn LE

Players

lllllllq - Winner!

  • Race: Terran Terran
  • League: Platinum
  • Spawn Location: 5:00

ftwoamove

  • Race: Terran Terran
  • League: Platinum
  • Spawn Location: 7:00

VOD

Have the link to the VOD?

Description

Time

  • Played on: May 28, 2022, 9:24 a.m.
  • Length: 24:23
Show
View Real Time Build Order
Export as new Build Order

lllllllq Terran - Winner!

Build Orders:  

Get SALT Encoding   

  12  0:01  SCV  
  13  0:13  SCV  
  14  0:19  Supply Depot  
  14  0:27  SCV  
  15  0:31  Refinery  
  15  0:52  Barracks  
  15  0:58  Barracks  
  15  1:02  SCV  
  16  1:14  Refinery  
  16  1:28  Barracks  
  16  1:35  SCV  
  17  1:51  Barracks  
  17  1:58  Reaper  
  18  2:11  Supply Depot  
  18  2:16  SCV  
  19  2:25  Reaper x2  
  21  2:30  Reaper  
  22  2:50  Reaper  
  23  2:57  Reaper x2  
  25  3:02  Reaper  
  26  3:06  Supply Depot  
  26  3:22  Reaper  
  27  3:29  Reaper x2  
  22  4:38  Orbital Command  
  22  4:40  Factory  
  22  4:59  Command Center  
  22  5:00  Barracks Tech Lab  
  18  5:16  SCV  
  19  5:21  Bunker  
  19  5:25  Factory Tech Lab  
  19  5:28  SCV  
  20  5:31  Bunker  
  20  5:40  SCV  
  21  5:45  Starport  
  21  5:50  Marine  
  21  5:52  SCV  
  23  6:01  Marine  
  24  6:04  SCV  
  24  6:11  Siege Tank  
  28  6:16  SCV  
  28  6:17  SCV  
  30  6:28  SCV  
  31  6:33  Cloaking Field  
  31  6:40  SCV  
  31  6:41  Starport  
  31  6:44  Barracks Tech Lab  
  32  6:47  Marine x2  
  34  6:56  Starport  
  34  6:58  Barracks Tech Lab  
  34  7:03  SCV, Engineering Bay  
  34  7:06  SCV  
  36  7:16  SCV  
  36  7:18  SCV  
  38  7:24  Starport  
  38  7:28  SCV  
  39  7:35  Supply Depot  
  39  7:40  SCV, Siege Tank  
  43  7:49  Missile Turret  
  43  7:52  Banshee x3  
  43  7:56  Hyperflight Rotors  
  43  7:57  SCV  
  53  7:59  Missile Turret  
  53  8:00  Planetary Fortress  
  53  8:09  SCV  
  54  8:21  Command Center  
  54  8:31  Refinery  
  54  8:33  Refinery  
  54  8:41  Banshee x2  
  57  8:43  SCV  
  57  8:45  Starport Tech Lab  
  60  8:55  SCV  
  61  9:07  SCV  
  47  9:37  Planetary Fortress  
  43  9:40  SCV, Refinery  
  41  9:52  SCV  
  42  10:04  SCV x2  
  44  10:16  SCV  
  45  10:24  Fusion Core  
  45  10:27  SCV  
  46  10:28  SCV  
  47  10:39  SCV  
  47  10:40  SCV  
  46  10:51  SCV  
  46  10:52  SCV  
  45  11:03  SCV  
  45  11:04  SCV  
  47  11:05  SCV  
  48  11:14  Refinery  
  48  11:15  SCV, Battlecruiser x3  
  48  11:16  SCV  
  48  11:17  SCV  
  69  11:27  Battlecruiser  
  69  11:28  SCV  
  69  11:31  SCV  
  77  11:42  Supply Depot  
  77  11:46  Supply Depot  
  77  11:48  Missile Turret  
  77  12:00  Weapon Refit  
  77  12:04  SCV x3  
  77  12:05  Siege Tank  
  77  12:06  Supply Depot  
  77  12:07  Supply Depot  
  83  12:09  Supply Depot  
  83  12:15  Marine x3  
  84  12:16  SCV x3  
  89  12:24  Missile Turret  
  89  12:28  SCV  
  90  12:33  Marine x3  
  93  12:40  SCV  
  94  12:51  Marine x3  
  92  12:52  SCV  
  95  12:58  Missile Turret  
  95  12:59  Battlecruiser x3  
  113  13:08  Marine  
  113  13:09  Marine x2  
  116  13:20  Armory  
  116  13:21  Missile Turret  
  116  13:26  Supply Depot, Marine  
  117  13:28  Supply Depot  
  117  13:40  Rapid Reignition System  
  117  13:47  Marine  
  117  13:48  Battlecruiser  
  111  15:41  SCV  
  106  15:53  Terran Vehicle Weapons Level 1, SCV  
  106  15:55  Armory  
  107  15:59  Armory  
  107  16:00  Battlecruiser x3  
  107  16:01  Battlecruiser  
  131  16:08  SCV, Refinery  
  132  16:20  SCV  
  133  17:28  Terran Ship Weapons Level 1  
  133  17:34  Armory  
  133  18:17  Terran Vehicle Weapons Level 2  
  133  18:18  Terran Vehicle And Ship Armor Level 1  
  133  18:21  Command Center  
  133  18:24  Command Center  
  133  18:48  Supply Depot  
  133  18:49  Supply Depot  
  133  18:50  Supply Depot  
  133  18:51  Supply Depot  
  93  21:27  Missile Turret  
  93  21:34  Terran Ship Weapons Level 2  
  93  21:35  Terran Vehicle And Ship Armor Level 2, Terran Vehicle Weapons Level 3  
  93  21:41  Battlecruiser x4  
  117  21:48  Missile Turret  
  117  21:59  Planetary Fortress  
  117  22:02  Refinery  
  117  22:04  Refinery  
  117  22:10  Missile Turret  
  117  22:39  Command Center  
  105  23:09  Viking x4  
  113  23:34  Cyclone  
  113  23:39  Viking x4  
  123  23:41  Missile Turret  
Show
View Real Time Build Order
Export as new Build Order

ftwoamove Terran 

Build Orders:  

Get SALT Encoding   

  12  0:00  SCV  
  13  0:12  SCV  
  14  0:18  Supply Depot  
  14  0:24  SCV  
  15  0:39  SCV  
  15  0:40  Barracks  
  16  0:51  SCV, Refinery  
  17  1:04  SCV  
  18  1:16  SCV  
  19  1:29  Orbital Command  
  19  1:32  Marine  
  20  1:40  Command Center  
  20  1:53  Marine  
  20  1:54  Supply Depot  
  21  1:57  SCV  
  22  2:09  SCV  
  23  2:16  Factory  
  23  2:21  SCV  
  24  2:29  Barracks Reactor  
  24  2:33  SCV  
  24  2:45  SCV  
  24  2:48  Supply Depot  
  25  2:55  Orbital Command  
  25  2:57  SCV  
  26  3:02  Factory Tech Lab  
  26  3:03  Barracks  
  26  3:08  Bunker  
  26  3:09  SCV  
  27  3:14  Bunker  
  27  3:15  Marine x2  
  29  3:21  SCV  
  29  3:25  Siege Tank  
  33  3:31  Refinery  
  33  3:33  SCV x2  
  32  3:48  Marine x2  
  32  4:06  Marine x2  
  33  4:14  SCV x2  
  31  4:24  Marine x2  
  28  4:26  SCV  
  27  4:41  Marine x2  
  29  4:49  Siege Tank  
  32  4:59  Marine x2  
  33  5:10  SCV  
  33  5:11  SCV  
  34  5:17  Marine x2  
  36  5:23  SCV x2  
  38  5:33  Barracks Tech Lab  
  38  5:35  Marine, SCV x2  
  41  5:36  Marine  
  42  5:47  SCV x2  
  44  5:51  Marine  
  44  5:53  Marine  
  44  5:54  Marine, Siege Tank  
  50  5:59  SCV x2  
  50  6:01  Supply Depot  
  52  6:09  Marine  
  52  6:10  Marine  
  54  6:18  Supply Depot, Stimpack  
  54  6:23  Marine, SCV x2  
  57  6:27  Marine  
  58  6:35  SCV x2  
  58  6:38  Marine  
  61  6:40  Marine  
  61  6:44  Starport  
  61  6:45  Marine  
  63  6:47  SCV x2  
  65  6:56  Marine  
  65  6:58  Marine  
  65  6:59  Command Center  
  67  7:03  Marine  
  67  7:04  Barracks x2, SCV, Refinery  
  67  7:07  SCV  
  70  7:43  Engineering Bay, Starport Reactor  
  70  7:45  Engineering Bay  
  70  7:53  Supply Depot  
  70  7:54  Supply Depot x2  
  70  7:56  Marine x3, SCV x2  
  77  8:00  Barracks Reactor  
  77  8:01  Barracks Reactor  
  77  8:03  Combat Shield  
  75  8:08  SCV  
  75  8:09  SCV  
  75  8:12  Terran Infantry Weapons Level 1, Armory  
  77  8:13  Terran Infantry Armor Level 1  
  77  8:14  Marine x2  
  79  8:20  Marine  
  79  8:32  Marine x2  
  81  8:38  Marine  
  82  8:44  Armory  
  82  8:47  Refinery  
  82  8:49  Orbital Command  
  82  8:50  Marine x2, SCV x2  
  85  8:56  Marine  
  85  9:02  SCV  
  87  9:05  Missile Turret  
  87  9:07  Missile Turret, Marine  
  63  9:34  Marine x7  
  65  9:45  SCV x2  
  65  9:52  Marine x7  
  67  10:03  Missile Turret  
  67  10:08  SCV x3  
  67  10:17  Missile Turret  
  67  10:20  SCV x3  
  67  10:21  Marine x5  
  74  10:32  SCV x3  
  77  10:44  SCV x3  
  80  10:56  SCV x2  
  82  10:57  SCV  
  82  10:59  Marine x7  
  90  11:08  SCV x2  
  90  11:09  SCV  
  93  11:16  Terran Infantry Weapons Level 2  
  93  11:17  Marine x7  
  100  11:20  SCV x2  
  100  11:21  SCV, Medivac  
  105  11:32  SCV x2  
  105  11:33  SCV  
  105  11:35  Marine  
  105  11:39  Siege Tank  
  112  11:49  SCV x3  
  115  12:01  SCV  
  116  12:02  Missile Turret, Marine  
  117  12:21  Command Center  
  117  12:24  Marine  
  117  12:40  Marine x4, SCV x2  
  117  12:41  SCV  
  117  12:48  Marine x2  
  117  12:50  Marine  
  117  12:57  Viking  
  117  12:58  Marine x2  
  117  13:05  Supply Depot  
  117  13:06  Supply Depot  
  117  13:16  Supply Depot  
  117  13:25  Supply Depot  
  117  13:26  Marine x7, SCV  
  125  13:27  Viking x2, SCV x2  
  131  13:35  Terran Infantry Weapons Level 3  
  131  13:36  Missile Turret  
  131  13:37  Missile Turret x2, Concussive Shells  
  131  13:38  SCV  
  131  13:39  SCV x2  
  134  13:41  Terran Vehicle Weapons Level 1  
  134  13:44  Marine x6  
  136  13:50  SCV  
  136  13:51  SCV x2  
  133  13:57  Viking x2  
  133  14:02  Marine x7  
  133  14:03  SCV  
  132  14:20  Marine x7  
  138  14:38  Marine x7  
  141  14:52  Thor  
  144  14:53  Viking  
  144  14:55  Marine x3  
  144  14:56  Marine  
  144  14:59  Command Center  
  149  15:01  Marine x3  
  149  15:05  Command Center  
  136  15:13  Marine x4  
  121  15:18  Marine  
  121  15:19  Marine x2  
  103  15:25  Viking  
  105  15:31  Marine x4  
  107  15:36  Marine  
  107  15:37  Marine x2  
  104  15:49  Marine x4  
  104  15:54  Marine x3  
  107  16:05  Missile Turret x2, SCV x3  
  107  16:07  Marine x4  
  114  16:12  Marine x3, Planetary Fortress  
  114  16:14  Terran Infantry Armor Level 2  
  114  16:15  Terran Vehicle Weapons Level 2  
  117  16:23  Siege Tank  
  117  16:24  Viking  
  106  16:41  Marine x2  
  106  16:42  Marine x3  
  107  16:55  Thor  
  107  16:59  Marine x4  
  107  17:00  Marine  
  102  17:17  Marine x5  
  102  17:21  Starport  
  107  17:23  Viking  
  107  17:24  Viking, Refinery  
  107  17:25  Starport, Refinery  
  107  17:26  Starport  
  111  17:31  Refinery  
  111  17:35  Marine x5  
  116  17:39  Thor  
  116  17:43  Planetary Fortress, Refinery  
  119  17:51  Missile Turret  
  119  17:52  Marine  
  119  17:53  Marine x4, Viking  
  119  17:54  Viking, Command Center  
  119  17:58  SCV x3  
  131  18:06  Viking x2  
  131  18:10  Marine x2, SCV x2  
  131  18:11  Marine x3  
  142  18:22  Starport Reactor  
  142  18:24  Missile Turret  
  142  18:25  Missile Turret  
  142  18:28  Thor, Marine x4  
  142  18:29  Marine, Viking x2  
  142  18:31  Terran Vehicle And Ship Armor Level 1  
  157  18:41  Viking x2  
  157  18:46  Marine x3  
  164  18:53  Marine  
  164  18:58  Missile Turret  
  164  19:01  Marine  
  163  19:05  Reaper  
  165  19:10  Marine  
  164  19:19  Missile Turret, Marine  
  165  19:28  Marine  
  91  19:58  Barracks, Viking x3  
  91  19:59  Viking  
  97  20:01  Barracks x2  
  97  20:02  Barracks  
  85  20:13  Terran Infantry Armor Level 3  
  85  20:15  Hi-Sec Auto Tracking  
  85  20:28  Missile Turret x2, Viking x4  
  92  20:40  Command Center  
  78  20:51  Marine x3  
  78  20:52  Marine  
  74  20:58  Viking x4  
  81  21:09  Marine x3  
  80  21:12  Missile Turret, Barracks Reactor  
  80  21:13  Missile Turret  
  68  21:27  Marine x3  
  68  21:28  Medivac  
  68  21:32  Viking x2  
  75  21:33  Viking  
  79  21:45  Marine  
  82  21:49  Refinery  
  82  21:55  Barracks Reactor  
  80  22:03  Marine  
  80  22:06  Marine x2  
  80  22:07  Refinery x2  
  83  22:08  Viking  
  85  22:20  Barracks Reactor, Marine  
  86  22:24  Marine x2  
  86  22:29  SCV x2  
  90  22:35  Marine, Viking  
  90  22:36  Viking x2  
  98  22:38  Viking, Marine  
  98  22:41  SCV x2  
  98  22:42  Marine x2  
  98  22:44  Marine  
  90  23:02  Marine  
  77  23:05  Marine x5  
  82  23:19  Marine  
  82  23:23  Marine x5  
  88  23:29  SCV  
  88  23:30  Planetary Fortress  
  89  23:37  Reaper, Command Center  
  90  23:41  Marine, SCV, Reaper x2  
  90  23:43  Command Center  
  90  23:47  Command Center  
  96  23:53  SCV  
Tags
 
Matchup
TvT
Race
Terran
Spawn Locations
Close Positions
Add a new tag
Caveats
  • Supply blocks, unpowered buildings, or Contaminate may cause inaccurate times.
  • Supply counts are checked every 10 seconds.